 Dungeon Crawl Stone Soup version bcrawl-1.39.1 (webtiles) character file.

Game seed: 15905751549471115486

105097 AxeAttX the Skirmisher (level 2, -4/28 HPs)
             Began as a Minotaur Berserker on Sept 13, 2023.
             Was a Follower of Trog.
             Slain by Sigmund
             ... wielding a +0 scythe
              (10 damage)
             ... on level 2 of the Dungeon.
             The game lasted 00:01:02 (968 turns).

AxeAttX the Skirmisher (Minotaur Berserker)          Turns: 968, Time: 00:01:02

Health: -4/28      AC: 14    Str: 21    XL:     2   Next: 89%
Magic:  1/1        EV:  6    Int:  4    God:    Trog [*.....]
Gold:   42         SH:  0    Dex:  9    Spells: 1/1 levels left

rFire    . . .     GDR:     23% a - +0 hand axe
rCold    + . .     SeeInvis .   (no shield)
rNeg     . . .     Gourm    .   f - +2 plate armour {rC+}
rPois    .         Faith    .   (helmet restricted)
rElec    .         Spirit   .   (no cloak)
rCorr    .         Reflect  .   d - +0 pair of gloves
MR       .....                  (no boots)
Stlth    ..........             (no amulet)
HPRegen  0.14/turn              (no ring)
MPRegen  0.07/turn              (no ring)

@: confused, swift, berserk cooldown, flying, slowed, slow
A: retaliatory headbutt, horns 2
a: Berserk, Renounce Religion


You were on level 2 of the Dungeon.
You worshipped Trog.
Trog was aware of your devotion.
You were hungry.

You visited 1 branch of the dungeon, and saw 2 of its levels.

You collected 42 gold pieces.

Inventory:

Hand Weapons
 a - a +0 hand axe (weapon)
Armour
 b - a +0 animal skin
 d - a +0 pair of gloves (worn)
   (You found it on level 1 of the Dungeon)
 f - a +2 plate armour of cold resistance (worn)
   (You found it on level 1 of the Dungeon)
Jewellery
 o - a +6 ring of evasion {unknown}
   (You found it on level 1 of the Dungeon)
Scrolls
 c - a scroll of fear {unknown}
 g - a scroll of enchant armour {unknown}
 k - a scroll of remove curse {unknown}
 n - 2 scrolls of immolation
Potions
 h - a potion of mutation
 j - a potion of agility {unknown}
 m - a potion of lignification {unknown}
 p - a potion of ambrosia {unknown}
Comestibles
 e - 2 rations {!d}
 l - 5 chunks of flesh


   Skills:
 + Level 4.4 Fighting
 + Level 4.4 Axes
 - Level 2.4 Armour
 - Level 2.1 Dodging


You had one spell level left.
You didn't know any spells.
Your spell library was empty.

Dungeon Overview and Level Annotations

Branches:
Dungeon (2/12)

Altars:
Okawaru

Annotations:
D:2 Sigmund


Innate Abilities, Weirdness & Mutations

You reflexively headbutt those who attack you in melee.
You have a pair of horns on your head.


Message History

No target in view!
No target in view!
No target in view!
No target in view!
No target in view!
No target in view!
No target in view!
No target in view!
No target in view!
No target in view!
No target in view!
No target in view!
No target in view!
A leopard gecko comes into view.
The leopard gecko hisses angrily.
A leopard gecko is nearby!
You see here a great sword.
The leopard gecko bites you.
You miss the leopard gecko. Your headbutt misses the leopard gecko.
Something hits you!
The leopard gecko bites you but does no damage.
You are too injured to fight recklessly!
You are too injured to fight recklessly!
You are too injured to fight recklessly!
You are too injured to fight recklessly!
You are too injured to fight recklessly!
You are too injured to fight recklessly!
You are too injured to fight recklessly!
You are too injured to fight recklessly!
You are too injured to fight recklessly!
You are too injured to fight recklessly!
You are too injured to fight recklessly!
You are too injured to fight recklessly!
You are too injured to fight recklessly!
You are too injured to fight recklessly!
You are too injured to fight recklessly!
You are too injured to fight recklessly!
You are too injured to fight recklessly!
You are too injured to fight recklessly!
You are too injured to fight recklessly!
You are too injured to fight recklessly!
You are too injured to fight recklessly!
You are too injured to fight recklessly!
You are too injured to fight recklessly!
You are too injured to fight recklessly!
You are too injured to fight recklessly!
You are too injured to fight recklessly!
You are too injured to fight recklessly!
You are too injured to fight recklessly!
A red film seems to cover your vision as you go berserk!
You feel yourself moving faster!
You feel mighty!
You are feeling hungry.
The leopard gecko bites you but does no damage.
Something hits you!
You slash the leopard gecko!
You kill the leopard gecko!
Trog accepts your kill.
You feel a strong urge to attack something.
You start resting.
You feel your anger nearly subside. Something hits you but does no damage.
Unknown command.
There is a strange disturbance nearby!
Unknown command.
There is a strange disturbance nearby!
You are no longer berserk.
You are exhausted.
You feel yourself slow down.
You hit something but do no damage. Something hits you but does no damage.
You closely miss something. Something hits you.
You closely miss something. You headbutt something!
Something hits you but does no damage.
Okay, then.
You're still recovering from your berserk rage.
Okay, then.
Okay, then.
You miss something. You headbutt something!
You hear some strange, mumbled words.
A puff of flame appears from out of thin air!
The puff of flame misses you. Something hits you but does no damage.
You closely miss something.
A kobold comes into view. It is wielding a +0 club.
You hear some strange, mumbled words.
A puff of flame appears from out of thin air!
The puff of flame hits you.
* * * LOW HITPOINT WARNING * * *
Unknown command.
As you read the scroll labeled FAFAP WYRI, it crumbles to dust.
The creatures around you are filled with an inner flame!
It was a scroll of immolation.
The kobold shouts!
The kobold throws a stone.
Something hits you but does no damage.
The kobold throws a stone.
The stone hits you but does no damage.
You feel very buoyant.
You fly up into the air.
You hear some strange, mumbled words.
You are confused.
The kobold throws a stone.
The stone hits you but does no damage. Something hits you!
You die...

##### ###...#
#.....#
#####.....###
#......(....#
#.###......@.#
#.#...###.#..#
..... ###..{.#
##...##...)####.#
#.........## #.#
#.......# #.# #
#..K....# #.#
#.#.......# #.#
........### #.#


There were no monsters in sight!

Vanquished Creatures
  A worm (D:2)
  2 dart slugs (D:1)
  A leopard gecko (D:2)
  A giant cockroach (D:1)
  A goblin (D:2)
  2 hobgoblins (D:2)
  2 ball pythons
  4 bats
  5 frilled lizards
  A kobold (D:1)
20 creatures vanquished.

Notes
Turn   | Place    | Note
-------+----------+-------------------------------------------
     0 | D:1      | AxeAttX the Minotaur Berserker began the quest for the Orb.
     0 | D:1      | Reached XP level 1. HP: 19/19 MP: 0/0
   334 | D:1      | Reached skill level 4 in Fighting
   334 | D:1      | Reached skill level 4 in Axes
   395 | D:1      | Reached XP level 2. HP: 24/27 MP: 1/1
   526 | D:1      | Found an iron altar of Okawaru.
   937 | D:2      | Noticed Sigmund
   968 | D:2      | Slain by Sigmund

Skill      XL: |  1 |
---------------+----+-----
Fighting       | 4 |  4.4
Axes           | 4 |  4.4
Armour         | |  2.4
Dodging        | |  2.1

Action                   || total
-------------------------++-------
Melee: Hand axe          ||    41
       Headbutt          ||    10
Invok: Berserk           ||     1
  Use: Scroll            ||     3
       Potion            ||     1
  Eat: Chunk             ||     1
Armor: Plate armour      ||    26
Dodge: Dodged            ||    11

Levels and vault maps discovered:
D:1:      scummos_arrival_star, layout_loops_corners, okawaru_ov_weapons_minmay
D:2:      layout_rooms, first_ration, grunt_decor_cap, uniq_sigmund

Table legend:
 A = Turns spent in this place as a percentage of turns spent in the entire game.
 B = Non-inter-level travel turns spent in this place as a percentage of non-inter-level travel turns spent in the entire game.
 C = Inter-level travel turns spent in this place as a percentage of turns spent in this place.
 D = Turns resting spent in this place as a percentage of non-inter-level travel turns spent in this place.
 E = Turns spent auto-exploring this place as a percentage of non-inter-level travel turns spent in this place.
 F = Non-inter-level travel turns spent in this place divided by the number of levels of this place that you've seen.
                   A       B       C       D       E      F
               +-------+-------+-------+-------+-------+----------------------
         Total | 100.0 | 100.0 |   2.3 |   0.2 |  86.2 | 473.0
       Dungeon | 100.0 | 100.0 |   2.3 |   0.2 |  86.2 | 473.0
               +-------+-------+-------+-------+-------+----------------------

Table legend:
 A = Kills in this place as a percentage of kills in entire the game.
 B = Kills by you in this place as a percentage of kills by you in the entire game.
 C = Kills by friends in this place as a percentage of kills by friends in the entire game.
 D = Other kills in this place as a percentage of other kills in the entire game.
 E = Experience gained in this place as a percentage of experience gained in the entire game.
 F = Experience gained in this place divided by the number of levels of this place that you have seen.
                   A       B       C       D       E      F
               +-------+-------+-------+-------+-------+----------------------
         Total | 100.0 | 100.0 |   N/A |   N/A | 100.0 |  19.0
       Dungeon | 100.0 | 100.0 |   N/A |   N/A | 100.0 |  19.0
               +-------+-------+-------+-------+-------+----------------------
